 Dungeon Sprint DCSS version 0.30-a0-222-ge547ba4400 (webtiles) character file.

Game seed: 1110513957933725060

1389 tbh1313 the Bludgeoner (level 8, -9/111 HPs)
             Began as a Troll Berserker on Oct 9, 2022.
             Was an Elder of Trog.
             Mangled by a deep troll (16 damage)
             ... in the Dungeon (Sprint I: "Red Sonja").
             The game lasted 00:03:02 (415 turns).

tbh1313 the Bludgeoner (Troll Berserker)             Turns: 415, Time: 00:03:03

Health: -9/111     AC:  4    Str: 26    XL:     8   Next: 40%
Magic:  7/7        EV: 10    Int:  5    God:    Trog [****..]
Gold:   702        SH:  0    Dex:  9    Spells: 7/7 levels left

rFire   . . .      SeeInvis .    a - +0 giant spiked club
rCold   . . .      Faith    .    (shield currently unavailable)
rNeg    . . .      Spirit   .    b - +0 animal skin
rPois   .          Reflect  .    (helmet restricted)
rElec   .          Harm     .    (no cloak)
rCorr   .          Rampage  .    (gloves unavailable)
Will    .....      NoTele   +    (boots unavailable)
Stlth   ..........               (no amulet)
HPRegen 1.18/turn                (no ring)
MPRegen 0.10/turn                (no ring)

@: berserking, very quick
A: large, unfitting armour, claws 3, regeneration 1, shaggy fur 1, tough skin 1
a: Renounce Religion, Berserk, Trog's Hand, Brothers in Arms


You were in the Dungeon.
You worshipped Trog.
Trog was greatly pleased with you.
You visited 1 branch You collected 702 gold pieces.

Inventory:

Hand Weapons
 a - a +0 giant spiked club (weapon)
Armour
 b - a +0 animal skin (worn)
Wands
 i - a wand of polymorph (7)
Potions
 c - 2 potions of flight {unknown}
 d - a potion of heal wounds
 e - 2 potions of curing
 f - 2 potions of magic
 g - a potion of berserk rage
 h - a potion of ambrosia {unknown}


   Skills:
 - Level 2.4 Fighting
 + Level 17.0 Maces & Flails
 - Level 2.4 Dodging


You had 7 spell levels left.
You didn't know any spells.
Your spell library contained the following spells:

 Spells                   Type           Power      Damage    Failure   Level
 Sublimation of Blood     Necr           0%         N/A       63%         2
 Petrify                  Tmut/Erth      0%         N/A       99%         4
 Irradiate                Conj/Tmut      0%         3d11      100%        5


Dungeon Overview and Level Annotations

Branches:
Dungeon (1/1)

Altars:
Cheibriados
Dithmenos
Elyvilon
Fedhas
Gozag
Hepliaklqana
Kikubaaqudgha
Makhleb
Nemelex Xobeh
Okawaru
Qazlal
Ru
Sif Muna
Trog
Uskayaw
Vehumet
Wu Jian
Xom
Yredelemnul
Zin
The Shining One
Jiyva
Lugonu

Shops:
D [[


Innate Abilities, Weirdness & Mutations

You are too large for most types of armour.
You have claws for hands.
Your natural rate of healing is unusually fast.
You are covered in fur. (AC +1)
You have tough skin. (AC +1)


Message History

You now have 648 gold pieces (gained 27).
You now have 675 gold pieces (gained 27).
You now have 702 gold pieces (gained 27).
There is an open door here.
h - an inky potion
Things that are here:
a +0 short sword of distortion; 5 curare-tipped darts You open the door.
A deep troll comes into view.
The deep troll shouts!
Found 108 gold pieces.
A red film seems to cover your vision as you go berserk!
You feel yourself moving faster!
You feel mighty!
You closely miss the deep troll. You closely miss the deep troll.
The deep troll barely misses you. The deep troll misses you.
The deep troll claws you!
You closely miss the deep troll. The deep troll bites you.
The deep troll claws you. The deep troll claws you!
You completely miss the deep troll. You barely miss the deep troll.
The deep troll bites you! The deep troll barely misses you.
The deep troll claws you.
You impale the deep troll!!
The deep troll is heavily wounded.
The deep troll bites you but does no damage.
The deep troll misses you. The deep troll claws you.
You hit the deep troll.
The deep troll is heavily wounded.
You barely miss the deep troll.
The deep troll is heavily wounded.
The deep troll bites you. The deep troll claws you! x2
You completely miss the deep troll.
The deep troll is heavily wounded.
You bludgeon the deep troll!!
The deep troll is almost dead.
The deep troll bites you!!
* * * LOW HITPOINT WARNING * * *
The deep troll claws you.
* * * LOW HITPOINT WARNING * * *
The deep troll claws you!
You die...

#..#####'#####'#__####4..+
#..####..#...#)#### ####
#..#__####..##)#
#..#_____##'#_.+
#⌠⌠#_.∩...÷..._#
####_..__##_.#'#
#_____###'#.#
############.####+###
#∩........'..@T$$.$$+
###++++####.).#######
###.### #.#'#.# #.....#
#.).).# #######


You could see a deep troll.

Levels and vault maps discovered:
D:        dungeon_sprint_1 [red_sonja_temple_1, red_sonja_temple_small_1]

Notes
Turn   | Place    | Note
-------+----------+-------------------------------------------
     0 | D        | tbh1313 the Troll Berserker began the quest for the Orb.
     0 | D        | Reached XP level 1. HP: 22/22 MP: 0/0
     1 | D        | Noticed Ijyb
     5 | D        | Killed Ijyb
     6 | D        | Reached skill level 6 in Maces & Flails
     6 | D        | Reached XP level 2. HP: 29/29 MP: 1/1
    38 | D        | Noticed an ogre
    45 | D        | Killed an ogre
    46 | D        | Reached skill level 9 in Maces & Flails
    46 | D        | Reached XP level 3. HP: 23/36 MP: 2/2
    46 | D        | Reached XP level 4. HP: 29/44 MP: 3/3
    75 | D        | Noticed Sigmund
    86 | D        | Killed Sigmund
    86 | D        | Reached ** piety under Trog
    87 | D        | Reached skill level 11 in Maces & Flails
    87 | D        | Reached XP level 5. HP: 50/50 MP: 4/4
    87 | D        | Reached XP level 6. HP: 59/59 MP: 5/5
   126 | D        | Found an ornate altar of the Wu Jian Council.
   126 | D        | Found a shimmering blue altar of Sif Muna.
   128 | D        | Found a radiant altar of Vehumet.
   131 | D        | Reached skill level 12 in Maces & Flails
   149 | D        | Found Raizen's Armour Emporium.
   149 | D        | Found an ancient bone altar of Kikubaaqudgha.
   149 | D        | Found a hazy altar of Hepliaklqana.
   149 | D        | Found a stormy altar of Qazlal.
   149 | D        | Found a hide-covered altar of Uskayaw.
   149 | D        | Found a blossoming altar of Fedhas.
   149 | D        | Found a bloodstained altar of Trog.
   149 | D        | Found an iron altar of Okawaru.
   149 | D        | Found a basalt altar of Yredelemnul.
   149 | D        | Found a glowing golden altar of the Shining One.
   149 | D        | Found a snail-covered altar of Cheibriados.
   149 | D        | Found a sacrificial altar of Ru.
   149 | D        | Found a glowing silver altar of Zin.
   149 | D        | Found a shadowy altar of Dithmenos.
   149 | D        | Found a white marble altar of Elyvilon.
   149 | D        | Noticed a yak
   156 | D        | Killed a yak
   157 | D        | Reached skill level 13 in Maces & Flails
   157 | D        | Found an opulent altar of Gozag.
   180 | D        | Found a sparkling altar of Nemelex Xobeh.
   201 | D        | Found a viscous altar of Jiyva.
   201 | D        | Found a corrupted altar of Lugonu.
   201 | D        | Noticed a slime creature
   202 | D        | Found a burning altar of Makhleb.
   202 | D        | Found a shimmering altar of Xom.
   207 | D        | Killed a slime creature
   208 | D        | Reached skill level 14 in Maces & Flails
   208 | D        | Reached XP level 7. HP: 46/66 MP: 6/6
   238 | D        | Noticed a kobold demonologist
   238 | D        | Noticed a kobold demonologist
   239 | D        | Paralysed by a floating eye for 4 turns
   244 | D        | Reached *** piety under Trog
   245 | D        | Reached skill level 15 in Maces & Flails
   260 | D        | Noticed a hellwing
   273 | D        | Killed a kobold demonologist
   274 | D        | Reached XP level 8. HP: 51/74 MP: 7/7
   281 | D        | Killed a kobold demonologist
   282 | D        | Reached skill level 16 in Maces & Flails
   322 | D        | Noticed Sonja
   323 | D        | Sonja changed into Sonja the hog
   323 | D        | Noticed Sonja
   325 | D        | Killed Sonja the hog
   325 | D        | Reached **** piety under Trog
   326 | D        | Reached skill level 17 in Maces & Flails
   350 | D        | Found Imioprug's Armour Boutique.
   403 | D        | Noticed a deep troll
   415 | D        | HP: 10/111 [deep troll (25)]
   415 | D        | Mangled by a deep troll

Table legend: (Time is in decaauts)
 A = Elapsed time spent in this place.
 B = Non-inter-level travel time spent in this place.
 C = Inter-level travel time spent in this place.
 D = Time resting spent in this place.
 E = Time spent auto-exploring this place.
 F = Levels seen in this place.
 G = Mean time per level.
                   A        B        C        D        E       F      G
               +--------+--------+--------+--------+--------+-----+--------+
         Total |    436 |    436 |      0 |    158 |     13 |   1 |  436.0 |
       Dungeon |    436 |    436 |      0 |    158 |     13 |   1 |  436.0 |
               +--------+--------+--------+--------+--------+-----+--------+

Top non-repeatable levels by time:
       D: 436 daAuts

Table legend:
 A = Kills in this place as a percentage of kills in entire the game.
 B = Kills by you in this place as a percentage of kills by you in the entire game.
 C = Kills by friends in this place as a percentage of kills by friends in the entire game.
 D = Other kills in this place as a percentage of other kills in the entire game.
 E = Experience gained in this place as a percentage of experience gained in the entire game.
 F = Experience gained in this place divided by the number of levels of this place that you have seen.
                   A       B       C       D       E      F
               +-------+-------+-------+-------+-------+----------------------
         Total | 100.0 | 100.0 |   N/A |   N/A | 100.0 | 1985.0
       Dungeon | 100.0 | 100.0 |   N/A |   N/A | 100.0 | 1985.0
               +-------+-------+-------+-------+-------+----------------------

Action                   |  1- 3 |  4- 6 |  7- 9 || total
-------------------------+-------+-------+-------++-------
Melee: Mace              |     9 |       |       ||     9
       Giant spiked club |       |    17 |    44 ||    61
Invok: Berserk           |     2 |     1 |     3 ||     6
Evoke: Wand              |       |       |     1 ||     1
  Use: Potion            |       |     1 |     1 ||     2
       Scroll            |       |       |     1 ||     1
Armor: Animal skin       |       |     2 |    16 ||    18
Dodge: Dodged            |     1 |     7 |    28 ||    36

Vanquished Creatures
  2 kobold demonologists (D)
  A slime creature (D)
  Sigmund (D)
  A yak (D)
  A hog (D)
  A floating eye (D)
  An ogre (D)
  A jelly (D)
  Ijyb (D)
10 creatures vanquished.

Vanquished Creatures (others)
  2 ballistomycete spores (D)
2 creatures vanquished.

Grand Total: 12 creatures vanquished
